 Dungeon Crawl Stone Soup version 0.31-a0-331-geda263fcf1 (webtiles) character file.

Game seed: 12351111340330696336

174 LustLizard the Ruffian (level 5, -3/36 HPs)
             Began as an Octopode Shapeshifter on July 19, 2023.
             Slain by a hound (5 damage)
             ... on level 3 of the Dungeon.
             The game lasted 00:04:15 (1543 turns).

LustLizard the Ruffian (Octopode Shapeshifter)      Turns: 1543, Time: 00:04:16

Health: -3/36      AC:  1    Str: 17    XL:     5   Next: 54%
Magic:  5/5        EV: 18    Int: 10    God:
Gold:   230        SH:  5    Dex: 12    Spells: 4/4 levels left

rFire   . .          .
                       - Unarmed
rCold   . . .        (no shield)
rNeg    + . .        (helmet currently unavailable)
rPois   .            f - amulet of reflection
rElec   .            i - ring of wizardry
rCorr   .            l - ring of positive energy
SInv    .            s - +5 ring of evasion
Will    .....        (no ring)
Stlth   +++          (no ring)
HPRegen 0.26/turn    (no ring)
MPRegen 0.09/turn    (no ring)
                     (no ring)

%: reflection, wizardry (x1)
@: beast-form
A: beast (slay +2), almost no armour, amphibious, 8 rings, camouflage 1,
gelatinous body 1, (nimble swimmer 1), tentacles
a: Begin Untransformation


You were on level 3 of the Dungeon.
You were a hulking beast.
You visited 1 branch of the dungeon, and saw 3 of its levels.

You collected 230 gold pieces.

Inventory:

Missiles
 p - 8 poisoned darts
Jewellery
 f - an amulet of reflection (around mantle)
 i - a ring of wizardry (left tentacle)
 l - a ring of positive energy (right tentacle)
 s - a +5 ring of evasion (on tentacle)
Talismans
 b - a beast talisman
Scrolls
 c - a scroll of immolation {unknown}
 d - 2 scrolls of poison {unknown}
 j - a scroll of silence {unknown}
 m - a scroll of teleportation {unknown}
 n - 2 scrolls of noise {unknown}
 o - a scroll of revelation {unknown}
 q - a scroll of fog {unknown}
Potions
 a - a potion of lignification
 e - a potion of might
 g - a potion of berserk rage
 h - a potion of heal wounds {unknown}
 k - a potion of degeneration {unknown}
 r - a potion of magic {unknown}


   Skills:
 + Level 3.0 Fighting
 - Level 2.0 Dodging
 + Level 2.3 Stealth
 * Level 3.9 Unarmed Combat
 + Level 3.6 Shapeshifting


You had 4 spell levels left.
You didn't know any spells.
Your spell library was empty.

Dungeon Overview and Level Annotations

Branches:
Dungeon (3/15)

Altars:


Innate Abilities, Weirdness & Mutations

You are a hulking beast.
Your limbs bulge with bestial killing power. (Slay +2)
You cannot wear most types of armour.
You are amphibious.
You can wear up to eight rings at the same time.
Your skin changes colour to match your surroundings (Stealth+).
Your rubbery body absorbs attacks. (AC +1, EV +1)
((You are camouflaged when in or above water. (Stealth+)))
You have tentacles for arms and can constrict up to eight enemies at once.


Message History

You closely miss the orc. You grab the orc. You constrict the orc.
You tentacle-slap the orc. You squeeze the orc.
You kill the orc!
You closely miss the orc. You grab the orc. You constrict the orc.
The orc closely misses you.
You tentacle-slap the orc.
You kill the orc!
Your life force feels restored.
Things that are here:
a +0 hand axe; a +0 flail Ijyb the Twisted Goblin comes into view.
She is wielding a +0 dagger, wearing a +4 chain mail of cold resistance and carrying a wand of mindburst.
Ijyb shouts!
The hound barks!
You block Ijyb's attack.
You closely miss Ijyb. Your grab misses Ijyb. Ijyb hits you with a +0 dagger.
You closely miss Ijyb. Your grab misses Ijyb. You squeeze Ijyb!
Ijyb is heavily wounded.
Ijyb zaps a wand.
Your mind is blasted!
Ouch! That really hurt!
* * * LOW HITPOINT WARNING * * *
You tentacle-slap Ijyb. You grab Ijyb. You squeeze Ijyb.
Ijyb is severely wounded.
You constrict Ijyb, but do no damage. Ijyb hits you with a +0 dagger.
* * * LOW HITPOINT WARNING * * *
Okay, then.
You bludgeon Ijyb!
You kill Ijyb!
The hound misses you. The hound completely misses you.
You tentacle-slap the hound. You grab the hound.
The hound is lightly wounded.
You constrict the hound. The hound completely misses you.
You bludgeon the hound!
The hound is severely wounded.
You constrict the hound, but do no damage.
The hound bites you.
* * * LOW HITPOINT WARNING * * *
You tentacle-slap the hound.
The hound is almost dead.
You constrict the hound. The hound misses you. The hound bites you.
You die...

#.# #............
#.# #..h....# #.#
#)...)..# #.#
#..#...### #.#
#......<...
#.####..#........
#...)...#..######
##..###h##..#
#.......h)..#
#...######.##
#...# # #...#
#...## #....##
#...#.## #..###.#
##..#.##


You could see a hound.

Vanquished Creatures
  Ijyb (D:3)
  Jessica (D:2)
  An orc wizard (D:3)
  3 adders (D:2)
  A worm (D:2)
  A dart slug (D:1)
  4 orcs (D:3)
  2 bats
  3 endoplasms
  5 giant cockroaches
  6 hobgoblins
  4 jackals (D:3)
  4 kobolds
  A quokka (D:1)
  3 ball pythons
  6 frilled lizards
  7 goblins
  9 rats
62 creatures vanquished.

Notes
Turn   | Place    | Note
-------+----------+-------------------------------------------
     0 | D:1      | LustLizard the Octopode Shapeshifter began the quest for
                  | the Orb.
     0 | D:1      | Reached XP level 1. HP: 14/14 MP: 1/1
    65 | D:1      | Reached XP level 2. HP: 19/19 MP: 2/2
   451 | D:1      | Reached XP level 3. HP: 25/25 MP: 3/3
   779 | D:2      | Reached skill level 1 in Stealth
   801 | D:2      | Reached XP level 4. HP: 30/30 MP: 4/4
  1021 | D:2      | Noticed Jessica
  1027 | D:2      | Killed Jessica
  1438 | D:3      | Reached XP level 5. HP: 30/36 MP: 5/5
  1526 | D:3      | Noticed Ijyb
  1540 | D:3      | Killed Ijyb
  1542 | D:3      | HP: 1/36 [hound (5)]
  1543 | D:3      | Slain by a hound

Illustrated notes

Levels and vault maps discovered:
D:1:      eino_arrival_water_star, layout_rooms, hex_tiny,
          chequers_serial_rivers_micro_e, dreamdust_wishing_well,
          minmay_stone_trees_small
D:2:      wad_river_or_something, layout_basic, kennysheep_generic_room_7,
          uniq_jessica
D:3:      layout_loops_ring, serial_shops, nicolae_shop_tiny_glass, uniq_ijyb

Skill      XL: |  1  2  3  4  5 |
---------------+----------------+-----
Unarmed Combat | 3 |  3.9
Stealth        | 1 2 |  2.3
Fighting       | 3 |  3.0
Dodging        | |  2.0
Shapeshifting  | |  3.6

Action                     |  1- 3 |  4- 6 || total
---------------------------+-------+-------++-------
  Melee: Unarmed           |    65 |    51 ||   116
         Constrict         |    19 |    16 ||    35
         Tentacles         |    13 |     8 ||    21
         Punch             |       |     1 ||     1
    Use: Scroll            |       |     2 ||     2
   Stab: Sleeping          |     1 |     2 ||     3
 Armour: Skin              |     5 |     1 ||     6
  Dodge: Dodged            |    16 |    21 ||    37
  Block: Other             |    10 |     5 ||    15

Table legend: (Time is in decaauts)
 A = Elapsed time spent in this place.
 B = Non-inter-level travel time spent in this place.
 C = Inter-level travel time spent in this place.
 D = Time resting spent in this place.
 E = Time spent auto-exploring this place.
 F = Levels seen in this place.
 G = Mean time per level.
                   A        B        C        D        E       F      G
               +--------+--------+--------+--------+--------+-----+--------+
         Total |   1534 |   1517 |     17 |     29 |    927 |   3 |  511.3 |
       Dungeon |   1534 |   1517 |     17 |     29 |    927 |   3 |  511.3 |
               +--------+--------+--------+--------+--------+-----+--------+

Top non-repeatable levels by time:
     D:2: 766 daAuts
     D:1: 550 daAuts
     D:3: 218 daAuts
